AoeStats
← juampexx

Arena

513916632Analyzed
1v1 RM · 4d ago on Oct 15, 2026· 60m 56s· 2 players
Game mode
Random Map
Map size
Tiny (2 player)
Population
200
Speed
Normal
Resources
Standard
Victory
Conquest
Starting age
Dark Age
Ending age
Imperial Age
RankedLock teamsTeams togetherTeam positionsShared explorationLock speedFull tech treeHidden civsTurbo modeCheats
Victory
Defeat
🇸🇪 Turks · Sweden
1117
+16
vs
🇦🇷 Turks · Argentina
1118
-16
Macke förfan
11:06 Feudal Age
15:23 Castle Age
13:12 Double-Bit Axe
13:14 Horse Collar
23:32 Bow Saw
24:54 Heavy Plow
28:09 Gold Mining
28:13 Stone Mining
29:41 Wheelbarrow
28:52 Town Watch
33:52 Imperial Age
32:05 Fletching
32:15 Padded Archer Armor
32:55 Redemption
33:24 Thumb Ring
33:16 Bodkin Arrow
33:55 Hand Cart
33:41 Town Patrol
35:58 Two-Man Saw
36:36 Ballistics
38:28 Bracer
38:44 Leather Archer Armor
44:14 Conscription
44:37 Ring Archer Armor
50:29 Bloodlines
50:20 Husbandry
53:43 Scale Barding Armor
53:48 Forging
54:51 Chain Barding Armor
juampexx
10:22 Feudal Age
12:16 Town Watch
12:20 Double-Bit Axe
15:15 Castle Age
25:02 Loom
26:14 Horse Collar
27:14 Fletching
28:35 Wheelbarrow
30:38 Imperial Age
29:39 Bow Saw
30:28 Atonement
31:08 Bloodlines
31:00 Husbandry
31:08 Scale Barding Armor
31:07 Heavy Plow
33:23 Conscription
33:02 Bodkin Arrow
35:15 Ballistics
35:25 Forging
38:30 Artillery
40:45 Masonry
40:39 Gold Mining
41:36 Redemption
42:11 Chain Barding Armor
43:40 Iron Casting
44:31 Cavalier
48:13 Plate Barding Armor
56:04 Blast Furnace
60:20 Capped Ram
Connection lost

Rejoining the realm…

Still unreachable

The connection could not be restored.

Session expired

The server has moved on; the page needs a fresh start.